 Dungeon Crawl Stone Soup version 0.23.0 (webtiles) character file.

Game seed: 9866306150737857212

21302 Mgcat the Protected (level 12, -1/97 HPs)
             Began as a Gnoll Wanderer on Feb 11, 2019.
             Was the Champion of Okawaru.
             Slain by a death yak (22 damage)
             ... on level 3 of the Lair of Beasts.
             The game lasted 00:28:05 (14888 turns).

Mgcat the Protected (Gnoll Wanderer)               Turns: 14888, Time: 00:28:06

Health: -1/97      AC: 15    Str: 21    XL:     12   Next: 88%
Magic:  23/23      EV: 12    Int: 24    God:    Okawaru [******]
Gold:   678        SH: 17    Dex: 20    Spells: 26/26 levels left

rFire    . . .     SeeInvis +   I - +2 broad axe (chop)
rCold    . . .     Gourm    +   u - +0 large shield of Oblivion {-Tele rCorr Str+2 Dex+3}
rNeg     . . .     Faith    .   a - +3 scale mail
rPois    .         Spirit   .   k - +1 helmet
rElec    .         Reflect  .   t - scarf {repulsion}
rCorr    +         Harm     .   (no gloves)
MR       .....     NoTele   +   z - +0 pair of boots "Kyisai" {*Contam Dex+5}
Stlth    +++.......             l - amulet of the gourmand {Gourm, !d}
HPRegen  0.26/turn              O - ring of see invisible {sInv, !d}
MPRegen  0.18/turn              w - +6 ring of intelligence

@: very slightly contaminated, repel missiles
A: distributed training, fangs 1, strong nose
a: Heroism, Finesse, Renounce Religion


You were on level 3 of the Lair of Beasts.
You worshipped Okawaru.
Okawaru was exalted by your worship.
You were completely stuffed.

You visited 3 branches of the dungeon, and saw 15 of its levels.

You collected 760 gold pieces.
You spent 82 gold pieces at shops.

Inventory:

Hand Weapons
 I - a +2 broad axe of chopping (weapon)
   (You acquired it on level 1 of the Lair of Beasts)
 K - a +1 scimitar of flaming
   (You took it off an efreet on level 11 of the Dungeon)
Missiles
 b - 25 tomahawks
 c - 6 javelins (quivered)
 A - 2 throwing nets {=f, !d}
 C - 4 tomahawks of returning
Armour
 a - a +3 scale mail (worn)
 k - a +1 helmet (worn)
   (You found it on level 3 of the Dungeon)
 t - a scarf of repulsion (worn)
   (You found it on level 10 of the Dungeon)
 u - the +0 large shield of Oblivion (worn) {-Tele rCorr Str+2 Dex+3}
   (You found it on level 5 of the Dungeon)

   It affects your strength (+2).
   It affects your dexterity (+3).
   It prevents most forms of teleportation.
   It provides partial protection from all sources of acid and corrosion.
 z - the +0 pair of boots "Kyisai" (worn) {*Contam Dex+5}
   (You found it on level 7 of the Dungeon)

   It affects your dexterity (+5).
   It causes magical contamination when unequipped.
Magical Staves
 n - an uncursed staff of power {MP+17, !a}
   (You found it on level 7 of the Dungeon)
Jewellery
 l - an amulet of the gourmand (around neck) {Gourm, !d}
   (You found it on level 4 of the Dungeon)
 w - a +6 ring of intelligence (right hand)
   (You found it on level 1 of the Lair of Beasts)
 F - an uncursed ring of magical power {MP+9}
   (You found it on level 8 of the Dungeon)
 O - a ring of see invisible (left hand) {sInv, !d}
   (You found it on level 2 of the Lair of Beasts)
 P - an uncursed amulet of faith {Faith, !P}
   (You found it on level 2 of the Lair of Beasts)
Wands
 m - a wand of flame (18)
   (You found it on level 4 of the Dungeon)
 v - a wand of acid (9)
   (You found it on level 9 of the Dungeon)
 y - a wand of digging (6)
   (You found it on level 8 of the Dungeon)
 D - a wand of iceblast (23)
   (You found it on level 8 of the Dungeon)
 L - a wand of polymorph (3)
   (You took it off an orc on level 11 of the Dungeon)
Scrolls
 f - 3 scrolls of immolation {!r}
 j - 2 scrolls of magic mapping {!r}
 p - 3 scrolls of remove curse
 r - a scroll of blinking {!r}
 B - a scroll of enchant armour
 E - 3 scrolls of teleportation
 J - a scroll of fear
Potions
 e - 6 potions of curing
 g - a potion of cancellation {unknown}
 h - a potion of mutation {!q}
 i - a potion of heal wounds {unknown}
 o - a potion of ambrosia
 q - a potion of haste {unknown}
 s - 2 potions of magic
 x - a potion of flight
 G - 2 potions of invisibility
 H - 2 potions of agility
Comestibles
 d - 17 rations


   Skills:
 + Level 10.0 Fighting
 + Level 7.6 Short Blades
 + Level 7.6 Long Blades
 + Level 8.9 Axes
 + Level 7.6 Maces & Flails
 + Level 7.6 Polearms
 + Level 7.6 Staves
 + Level 7.6 Slings
 + Level 7.6 Bows
 + Level 7.6 Crossbows
 + Level 7.6 Throwing
 + Level 10.0 Armour
 + Level 7.6 Dodging
 + Level 7.6 Stealth
 + Level 8.0 Shields
 + Level 7.6 Unarmed Combat
 + Level 7.6 Spellcasting
 + Level 6.3 Conjurations
 + Level 6.3 Hexes
 + Level 6.3 Charms
 + Level 6.3 Summonings
 + Level 6.3 Necromancy
 + Level 6.3 Translocations
 + Level 6.3 Transmutations
 + Level 6.3 Fire Magic
 + Level 6.3 Ice Magic
 + Level 6.3 Air Magic
 + Level 6.3 Earth Magic
 + Level 6.3 Poison Magic
 + Level 8.3 Invocations
 + Level 8.0 Evocations


You had 26 spell levels left.
You didn't know any spells.
Your spell library contained the following spells:

 Spells                   Type           Power        Failure   Level  Hunger
 Confusing Touch          Hex            #####.       11%         1    None
 Freeze                   Ice            ####         11%         1    None
 Magic Dart               Conj           ####         11%         1    None
 Sandblast                Erth           #####.       11%         1    None
 Blink                    Tloc           N/A          16%         2    None
 Call Imp                 Summ           #####...     16%         2    None
 Slow                     Hex            #####...     16%         2    None
 Throw Frost              Conj/Ice       #####.       16%         2    None
 Confuse                  Hex            #####...     30%         3    None
 Conjure Flame            Conj/Fire      #####...     30%         3    None
 Gell's Gravitas          Tloc           #####.....   30%         3    None
 Mephitic Cloud           Conj/Pois/Air  #####...     30%         3    None
 Ozocubu's Armour         Chrm/Ice       #####...     30%         3    None
 Stone Arrow              Conj/Erth      #####.       30%         3    None
 Petrify                  Tmut/Erth      #####...     71%         4    ###....
 Summon Ice Beast         Ice/Summ       #####...     71%         4    ###....
 Throw Icicle             Conj/Ice       #####...     71%         4    ###....
 Fireball                 Conj/Fire      #####.....   96%         5    #####..
 Metabolic Englaciation   Hex/Ice        #####.....   96%         5    #####..
 Yara's Violent Unravell  Hex/Tmut       #####.....   96%         5    #####..
 Iron Shot                Conj/Erth      #####.....   100%        6    ######.


Dungeon Overview and Level Annotations

Branches:
Dungeon (11/15)            Temple (1/1) D:5            Lair (3/6) D:8
    Orc (0/2) D:10
  Swamp: Lair:2-4    Shoals: Lair:2-4     Snake: Lair:2-4    Spider: Lair:2-4

Altars:
Ashenzari
Cheibriados
Dithmenos
Elyvilon
Fedhas
Gozag
Hepliaklqana
Kikubaaqudgha
Makhleb
Nemelex Xobeh
Okawaru
Qazlal
Ru
Sif Muna
Trog
Uskayaw
Vehumet
Wu Jian
Xom
Yredelemnul
Zin
The Shining One

Shops:
D:5 *


Innate Abilities, Weirdness & Mutations

Your experience applies equally to all skills.
You have very sharp teeth.
Your uncanny sense of smell can sniff out nearby items.


Message History

The death yak is heavily wounded.
The basilisk hisses angrily.
You hear a screech!
A death yak comes into view.
You block the death yak's attack.
PANIC x11: komodo dragon (wandering), blink frog, yak (wandering) x4, seven-headed hydra (wandering), death yak, hippogriff (wandering), death yak (wandering) x2!
The death yak bellows!
You hit the death yak but do no damage. Your bite misses the death yak.
The death yak is heavily wounded.
The yak bellows!
The basilisk hisses angrily.
The death yak bellows!
Lua error: [string "/dgldir/rcfiles/crawl-0.23/Mgcat.rc"]:937: invalid capture index You slice the yak!!
The seven-headed hydra roars!
You bite the yak, but do no damage.
The yak is almost dead.
PANIC x11: komodo dragon (wandering), hippogriff (wandering), yak, yak (wandering) x3, blink frog, seven-headed hydra (wandering), death yak, death yak (wandering) x2!
A porcupine comes into view.
You block the basilisk's attack. You block the yak's attack.
Lua error: [string "/dgldir/rcfiles/crawl-0.23/Mgcat.rc"]:937: invalid capture index You catch the helpless yak completely off-guard!
You hit the yak.
The yak is lightly wounded.
You slice the yak!!
You kill the yak!
Okawaru accepts your kill.
You slash the basilisk!
You flicker for a moment.
PANIC x12: komodo dragon (wandering), hippogriff (wandering) x2, yak, yak (wandering) x3, blink frog, seven-headed hydra (wandering), death yak (wandering) x3!
The yak bellows!
You slash the yak!
The yak is moderately wounded.
You slash the hippogriff! You completely miss the basilisk.
You hit the death yak. The basilisk gazes at you. You resist with some effort.
The death yak gores you. You block the hippogriff's attack. x3
You take 4 damage, and have 54/97 hp.
PANIC x12: komodo dragon (wandering), hippogriff (wandering), yak, yak (wandering) x3, blink frog, hippogriff, death yak, seven-headed hydra (wandering), death yak (wandering) x2!
You hit the yak.
The yak is heavily wounded.
You slash the hippogriff! You slash the basilisk!
You kill the basilisk!
Okawaru accepts your kill.
You barely miss the death yak. The hippogriff misses you.
The hippogriff barely misses you. You block the hippogriff's attack.
The yak bellows!
The death yak bellows!
PANIC x12: komodo dragon (wandering), hippogriff (wandering), yak x3, yak (wandering), blink frog, hippogriff, seven-headed hydra (wandering), death yak x2, death yak (wandering)!
You catch the helpless yak completely off-guard!
You slice the yak!!
The yak is severely wounded.
The hippogriff screeches!
You hit the death yak but do no damage. You barely miss the death yak.
You barely miss the yak.
Your shield and scale mail prevent you from hitting the hippogriff.
The death yak misses you. You block the hippogriff's attack.
The hippogriff misses you. The hippogriff barely misses you.
The death yak gores you but does no damage.
You block the yak's attack. x2
PANIC x12: komodo dragon (wandering), hippogriff (wandering), yak x3, yak (wandering), blink frog, hippogriff, seven-headed hydra (wandering), death yak x2, death yak (wandering)!
You catch the helpless yak completely off-guard!
You slash the yak!
The yak is almost dead.
You strike the helpless hippogriff from behind!
You hit the hippogriff.
You catch the helpless yak completely off-guard!
You slice the yak!!
You kill the yak!
Okawaru accepts your kill.
You slash the death yak!
You catch the helpless death yak completely off-guard!
You hit the death yak but do no damage. You block the death yak's attack.
The yak barely misses you.
PANIC x11: komodo dragon (wandering), hippogriff (wandering), yak x2, yak (wandering), blink frog, hippogriff, death yak x2, seven-headed hydra (wandering), death yak (wandering)!
You slice the yak!!
You kill the yak!
Okawaru accepts your kill.
You strike the helpless hippogriff from behind!
You slash the hippogriff!
You kill the hippogriff!
Okawaru accepts your kill.
The yak bellows!
The death yak bellows!
You slash the death yak!
You strike the helpless death yak from behind!
You slash the death yak! The death yak barely misses you. x2
Lua error: [string "/dgldir/rcfiles/crawl-0.23/Mgcat.rc"]:937: invalid capture index You slash the death yak!
The death yak is heavily wounded.
You hit the death yak.
You flicker back into view.
You block the death yak's attack.
PANIC x9: blink frog, hippogriff, komodo dragon, yak x2, death yak x3, seven-headed hydra!
You slash the death yak!
The death yak is severely wounded.
You barely miss the death yak. You slash the komodo dragon!
You miss the blink frog. You hit the death yak.
You feel like a meek peon again. You block the blink frog's attack.
The death yak gores you!! The death yak gores you!
* * * LOW HITPOINT WARNING * * *
The death yak gores you!!
You die...

....#..... #
#......#.. .##
#......# ..P .
##....P##.. ..
#........# ...#
#.....†.####.. #..r
#....†<†......
P##.YY##Y...†.....P..
.....DF@Y..........P.
....Hrl†Y.##......###
#......#.###......#
..<......# #...#P.#
.......... .......#
..............##P.#
.../........... ...
...#.)...#..... ..


You could see 3 death yaks, a seven-headed hydra, a komodo dragon, a hippogriff,
2 yaks, a blink frog and 2 porcupines.

Vanquished Creatures
  A two-headed ogre (D:8)
  3 unseen horrors (D:10)
  A cyclops (D:9)
  A black mamba (Lair:1)
  Psyche (D:11)
  3 komodo dragons
  An efreet (D:11)
  4 spiny frogs
  3 trolls
  6 blink frogs
  2 hippogriffs
  A vampire (D:8)
  4 wyverns
  A wraith (D:11)
  18 yaks
  3 basilisks
  3 water moccasins
  8 orc warriors
  4 porcupines
  A necrophage (D:5)
  4 ice beasts
  3 sky beasts
  2 phantoms
  2 black bears
  5 ogres
  8 centaurs
  4 crocodiles
  14 wolves
  2 big kobolds
  Blork the orc (D:5)
  9 bullfrogs
  3 scorpions
  8 wights
  20 killer bees
  An electric eel (Lair:1)
  6 howler monkeys
  2 bullfrog zombies
  A centaur zombie (D:11)
  7 crimson imps
  4 hounds
  4 jellies
  3 bullfrog skeletons
  10 orc wizards
  12 orc priests
  4 centaur skeletons
  4 iguanas
  10 worker ants
  A killer bee zombie (D:5)
  3 hound zombies
  A worker ant zombie (D:5)
  A gnoll (D:1)
  19 adders
  2 howler monkey skeletons
  A shadow imp (D:6)
  2 oozes
  4 adder skeletons
  An adder zombie (D:7)
  4 worms
  2 dart slugs
  10 leopard geckos
  79 orcs
  10 giant cockroaches
  10 goblins
  5 hobgoblins
  11 jackals
  3 quokkas
  3 bats
  8 frilled lizards
  20 kobolds
  11 rats
433 creatures vanquished.

Vanquished Creatures (others)
  An orc wizard (D:4)
  2 fungi
  2 plants
5 creatures vanquished.

Grand Total: 438 creatures vanquished

Notes
Turn   | Place    | Note
-------+----------+-------------------------------------------
     0 | D:1      | Mgcat the Gnoll Wanderer began the quest for the Orb.
     0 | D:1      | Mgcat set off with the following items: a +2 scale mail, a
                  | +0 hand axe, a potion of lignification {!q}, a ration
     0 | D:1      | Reached XP level 1. HP: 23/23 MP: 2/2
    51 | D:1      | HP: 3/23 [gnoll/+0 spear (7)]
    56 | D:1      | HP: 1/23 [gnoll/+0 spear (2)]
    59 | D:1      | Reached XP level 2. HP: 2/29 MP: 3/3
   578 | D:1      | Reached XP level 3. HP: 30/35 MP: 4/4
  1059 | D:2      | Reached skill level 1 in Invocations
  1080 | D:2      | Reached skill level 1 in Short Blades
  1080 | D:2      | Reached skill level 1 in Long Blades
  1080 | D:2      | Reached skill level 1 in Maces & Flails
  1080 | D:2      | Reached skill level 1 in Polearms
  1080 | D:2      | Reached skill level 1 in Staves
  1080 | D:2      | Reached skill level 1 in Slings
  1080 | D:2      | Reached skill level 1 in Bows
  1080 | D:2      | Reached skill level 1 in Crossbows
  1080 | D:2      | Reached skill level 1 in Throwing
  1080 | D:2      | Reached skill level 1 in Dodging
  1080 | D:2      | Reached skill level 1 in Stealth
  1080 | D:2      | Reached skill level 1 in Unarmed Combat
  1080 | D:2      | Reached skill level 1 in Spellcasting
  1080 | D:2      | Reached XP level 4. HP: 37/41 MP: 4/6
  1172 | D:2      | Reached skill level 1 in Conjurations
  1172 | D:2      | Reached skill level 1 in Hexes
  1172 | D:2      | Reached skill level 1 in Charms
  1172 | D:2      | Reached skill level 1 in Summonings
  1172 | D:2      | Reached skill level 1 in Necromancy
  1172 | D:2      | Reached skill level 1 in Translocations
  1172 | D:2      | Reached skill level 1 in Transmutations
  1172 | D:2      | Reached skill level 1 in Fire Magic
  1172 | D:2      | Reached skill level 1 in Ice Magic
  1172 | D:2      | Reached skill level 1 in Air Magic
  1172 | D:2      | Reached skill level 1 in Earth Magic
  1172 | D:2      | Reached skill level 1 in Poison Magic
  1463 | D:2      | Reached XP level 5. HP: 47/47 MP: 7/7
  1932 | D:3      | Reached skill level 3 in Shields
  1932 | D:3      | Reached skill level 3 in Evocations
  2300 | D:3      | Reached skill level 2 in Invocations
  2300 | D:3      | Reached XP level 6. HP: 37/53 MP: 8/8
  2687 | D:4      | HP: 7/53 [orc priest/nerve-wracking pain (9)]
  3029 | D:4      | Reached skill level 2 in Short Blades
  3029 | D:4      | Reached skill level 2 in Long Blades
  3029 | D:4      | Reached skill level 5 in Axes
  3029 | D:4      | Reached skill level 2 in Maces & Flails
  3029 | D:4      | Reached skill level 2 in Polearms
  3029 | D:4      | Reached skill level 2 in Staves
  3029 | D:4      | Reached skill level 2 in Slings
  3029 | D:4      | Reached skill level 2 in Bows
  3029 | D:4      | Reached skill level 2 in Crossbows
  3029 | D:4      | Reached skill level 2 in Throwing
  3029 | D:4      | Reached skill level 2 in Dodging
  3029 | D:4      | Reached skill level 2 in Stealth
  3029 | D:4      | Reached skill level 2 in Unarmed Combat
  3029 | D:4      | Reached skill level 2 in Spellcasting
  3460 | D:4      | Reached XP level 7. HP: 55/59 MP: 10/10
  3595 | D:4      | Found a shimmering altar of Xom.
  3683 | D:4      | Reached skill level 7 in Fighting
  3683 | D:4      | Reached skill level 7 in Armour
  4141 | D:4      | Reached skill level 2 in Conjurations
  4141 | D:4      | Reached skill level 2 in Hexes
  4141 | D:4      | Reached skill level 2 in Charms
  4141 | D:4      | Reached skill level 2 in Summonings
  4141 | D:4      | Reached skill level 2 in Necromancy
  4141 | D:4      | Reached skill level 2 in Translocations
  4141 | D:4      | Reached skill level 2 in Transmutations
  4141 | D:4      | Reached skill level 2 in Fire Magic
  4141 | D:4      | Reached skill level 2 in Ice Magic
  4141 | D:4      | Reached skill level 2 in Air Magic
  4141 | D:4      | Reached skill level 2 in Earth Magic
  4141 | D:4      | Reached skill level 2 in Poison Magic
  4168 | D:5      | Entered Level 5 of the Dungeon
  4206 | D:5      | Reached skill level 3 in Invocations
  4217 | D:5      | HP: 14/60 [iguana (9)]
  4222 | D:4      | HP: 12/60 [poisoned by an orc]
  4229 | D:4      | HP: 12/60 [poisoned by an orc]
  4582 | D:4      | Reached XP level 8. HP: 32/67 MP: 12/12
  4816 | D:5      | Found a sacrificial altar of Ru.
  4864 | D:5      | HP: 15/67 [ogre/+0 giant club (17)]
  4869 | D:5      | Reached skill level 3 in Short Blades
  4869 | D:5      | Reached skill level 3 in Long Blades
  4869 | D:5      | Reached skill level 3 in Maces & Flails
  4869 | D:5      | Reached skill level 3 in Polearms
  4869 | D:5      | Reached skill level 3 in Staves
  4869 | D:5      | Reached skill level 3 in Slings
  4869 | D:5      | Reached skill level 3 in Bows
  4869 | D:5      | Reached skill level 3 in Crossbows
  4869 | D:5      | Reached skill level 3 in Throwing
  4869 | D:5      | Reached skill level 3 in Dodging
  4869 | D:5      | Reached skill level 3 in Stealth
  4869 | D:5      | Reached skill level 4 in Shields
  4869 | D:5      | Reached skill level 3 in Unarmed Combat
  4869 | D:5      | Reached skill level 3 in Spellcasting
  4869 | D:5      | Reached skill level 4 in Evocations
  5398 | D:5      | Found a staircase to the Ecumenical Temple.
  5398 | D:5      | Found Jujont's General Store.
  5407 | Temple   | Entered the Ecumenical Temple
  5679 | Temple   | Became a worshipper of Warmaster Okawaru
  5761 | D:5      | Bought a scroll of blinking for 82 gold pieces
  5894 | D:5      | Noticed Blork the orc
  5895 | D:5      | Got a dazzling large shield
  5924 | D:5      | Killed Blork the orc
  5924 | D:5      | Reached skill level 3 in Conjurations
  5924 | D:5      | Reached skill level 3 in Hexes
  5924 | D:5      | Reached skill level 3 in Charms
  5924 | D:5      | Reached skill level 3 in Summonings
  5924 | D:5      | Reached skill level 3 in Necromancy
  5924 | D:5      | Reached skill level 3 in Translocations
  5924 | D:5      | Reached skill level 3 in Transmutations
  5924 | D:5      | Reached skill level 3 in Fire Magic
  5924 | D:5      | Reached skill level 3 in Ice Magic
  5924 | D:5      | Reached skill level 3 in Air Magic
  5924 | D:5      | Reached skill level 3 in Earth Magic
  5924 | D:5      | Reached skill level 3 in Poison Magic
  5924 | D:5      | Reached skill level 4 in Invocations
  5937 | D:5      | Identified the cursed +0 large shield of Oblivion {-Tele
                  | rCorr Str+2 Dex+3} (You found it on level 5 of the Dungeon)
  6171 | D:5      | Found a hazy altar of Hepliaklqana.
  6171 | D:5      | Found a blossoming altar of Fedhas.
  6465 | D:6      | Identified the Disquisition on Ashen Ignition
  6502 | D:6      | Reached XP level 9. HP: 71/71 MP: 14/14
  6570 | D:6      | Reached skill level 6 in Axes
  6719 | D:6      | Found a sparkling altar of Nemelex Xobeh.
  6859 | D:6      | Reached skill level 4 in Short Blades
  6859 | D:6      | Reached skill level 4 in Long Blades
  6859 | D:6      | Reached skill level 4 in Maces & Flails
  6859 | D:6      | Reached skill level 4 in Polearms
  6859 | D:6      | Reached skill level 4 in Staves
  6859 | D:6      | Reached skill level 4 in Slings
  6859 | D:6      | Reached skill level 4 in Bows
  6859 | D:6      | Reached skill level 4 in Crossbows
  6859 | D:6      | Reached skill level 4 in Throwing
  6859 | D:6      | Reached skill level 4 in Dodging
  6859 | D:6      | Reached skill level 4 in Stealth
  6859 | D:6      | Reached skill level 4 in Unarmed Combat
  6859 | D:6      | Reached skill level 4 in Spellcasting
  6863 | D:6      | Reached skill level 5 in Shields
  6863 | D:6      | Reached skill level 5 in Evocations
  6866 | D:6      | Reached * piety under Okawaru
  7036 | D:6      | Reached skill level 8 in Fighting
  7036 | D:6      | Reached skill level 8 in Armour
  7313 | D:7      | Reached skill level 5 in Invocations
  7391 | D:7      | Reached ** piety under Okawaru
  7494 | D:7      | Reached XP level 10. HP: 72/79 MP: 17/17
  7531 | D:7      | Reached skill level 4 in Conjurations
  7531 | D:7      | Reached skill level 4 in Hexes
  7531 | D:7      | Reached skill level 4 in Charms
  7531 | D:7      | Reached skill level 4 in Summonings
  7531 | D:7      | Reached skill level 4 in Necromancy
  7531 | D:7      | Reached skill level 4 in Translocations
  7531 | D:7      | Reached skill level 4 in Transmutations
  7531 | D:7      | Reached skill level 4 in Fire Magic
  7531 | D:7      | Reached skill level 4 in Ice Magic
  7531 | D:7      | Reached skill level 4 in Air Magic
  7531 | D:7      | Reached skill level 4 in Earth Magic
  7531 | D:7      | Reached skill level 4 in Poison Magic
  7703 | D:7      | Got a pair of scorched boots
  7714 | D:7      | Identified the +0 pair of boots "Kyisai" {*Contam Dex+5}
                  | (You found it on level 7 of the Dungeon)
  8074 | D:8      | Reached skill level 5 in Short Blades
  8074 | D:8      | Reached skill level 5 in Long Blades
  8074 | D:8      | Reached skill level 5 in Maces & Flails
  8074 | D:8      | Reached skill level 5 in Polearms
  8074 | D:8      | Reached skill level 5 in Staves
  8074 | D:8      | Reached skill level 5 in Slings
  8074 | D:8      | Reached skill level 5 in Bows
  8074 | D:8      | Reached skill level 5 in Crossbows
  8074 | D:8      | Reached skill level 5 in Throwing
  8074 | D:8      | Reached skill level 5 in Dodging
  8074 | D:8      | Reached skill level 5 in Stealth
  8074 | D:8      | Reached skill level 5 in Unarmed Combat
  8074 | D:8      | Reached skill level 5 in Spellcasting
  8538 | D:8      | Reached skill level 7 in Axes
  8607 | D:8      | Found a staircase to the Lair.
  8640 | D:8      | Reached *** piety under Okawaru
  8746 | D:8      | Reached skill level 6 in Shields
  8746 | D:8      | Reached skill level 6 in Evocations
  8837 | D:8      | Noticed a two-headed ogre
  8844 | D:8      | Killed a two-headed ogre
  8844 | D:8      | Reached skill level 6 in Invocations
  9030 | D:8      | Reached **** piety under Okawaru
  9382 | D:9      | Reached XP level 11. HP: 77/86 MP: 19/19
  9416 | D:9      | Noticed a cyclops
  9425 | D:9      | Killed a cyclops
  9556 | D:9      | HP: 19/86 [orc priest/nerve-wracking pain (12)]
  9563 | D:9      | HP: 4/87 [orc priest/divine providence (11)]
 10084 | D:9      | Found a bloodstained altar of Trog.
 10108 | D:9      | Reached skill level 9 in Fighting
 10108 | D:9      | Reached skill level 9 in Armour
 10300 | D:10     | Entered Level 10 of the Dungeon
 10314 | D:10     | HP: 20/89 [orc priest/divine providence (17)]
 10712 | D:10     | Reached skill level 6 in Short Blades
 10712 | D:10     | Reached skill level 6 in Long Blades
 10712 | D:10     | Reached skill level 6 in Maces & Flails
 10712 | D:10     | Reached skill level 6 in Polearms
 10712 | D:10     | Reached skill level 6 in Staves
 10712 | D:10     | Reached skill level 6 in Slings
 10712 | D:10     | Reached skill level 6 in Bows
 10712 | D:10     | Reached skill level 6 in Crossbows
 10712 | D:10     | Reached skill level 6 in Throwing
 10712 | D:10     | Reached skill level 6 in Dodging
 10712 | D:10     | Reached skill level 6 in Stealth
 10712 | D:10     | Reached skill level 6 in Unarmed Combat
 10712 | D:10     | Reached skill level 6 in Spellcasting
 10827 | D:10     | Reached skill level 5 in Conjurations
 10827 | D:10     | Reached skill level 5 in Hexes
 10827 | D:10     | Reached skill level 5 in Charms
 10827 | D:10     | Reached skill level 5 in Summonings
 10827 | D:10     | Reached skill level 5 in Necromancy
 10827 | D:10     | Reached skill level 5 in Translocations
 10827 | D:10     | Reached skill level 5 in Transmutations
 10827 | D:10     | Reached skill level 5 in Fire Magic
 10827 | D:10     | Reached skill level 5 in Ice Magic
 10827 | D:10     | Reached skill level 5 in Air Magic
 10827 | D:10     | Reached skill level 5 in Earth Magic
 10827 | D:10     | Reached skill level 5 in Poison Magic
 10990 | D:10     | Received a gift from Okawaru
 11187 | D:10     | Reached ***** piety under Okawaru
 11189 | D:10     | Found a staircase to the Orcish Mines.
 11416 | D:10     | Killed an unseen horror
 11592 | D:10     | Killed an unseen horror
 11592 | D:10     | Reached skill level 7 in Invocations
 11810 | D:10     | Got a brightly glowing leather armour
 11811 | D:10     | Identified the +1 leather armour of Pathos {Int+5} (You
                  | found it on level 10 of the Dungeon)
 11841 | D:10     | Killed an unseen horror
 11841 | D:10     | Received a gift from Okawaru
 11841 | D:10     | Reached skill level 8 in Axes
 11841 | D:10     | Reached skill level 7 in Shields
 11841 | D:10     | Reached skill level 7 in Evocations
 12171 | D:11     | Noticed Psyche
 12178 | D:11     | Killed Psyche
 12365 | D:11     | Reached XP level 12. HP: 75/96 MP: 22/22
 12588 | Lair:1   | Entered Level 1 of the Lair of Beasts
 12969 | Lair:1   | Identified a scroll of acquirement
 13330 | Lair:1   | Received a gift from Okawaru
 13330 | Lair:1   | Reached skill level 7 in Short Blades
 13330 | Lair:1   | Reached skill level 7 in Long Blades
 13330 | Lair:1   | Reached skill level 7 in Maces & Flails
 13330 | Lair:1   | Reached skill level 7 in Polearms
 13330 | Lair:1   | Reached skill level 7 in Staves
 13330 | Lair:1   | Reached skill level 7 in Slings
 13330 | Lair:1   | Reached skill level 7 in Bows
 13330 | Lair:1   | Reached skill level 7 in Crossbows
 13330 | Lair:1   | Reached skill level 7 in Throwing
 13330 | Lair:1   | Reached skill level 7 in Dodging
 13330 | Lair:1   | Reached skill level 7 in Stealth
 13330 | Lair:1   | Reached skill level 7 in Unarmed Combat
 13330 | Lair:1   | Reached skill level 7 in Spellcasting
 14182 | Lair:2   | Reached skill level 6 in Conjurations
 14182 | Lair:2   | Reached skill level 6 in Hexes
 14182 | Lair:2   | Reached skill level 6 in Charms
 14182 | Lair:2   | Reached skill level 6 in Summonings
 14182 | Lair:2   | Reached skill level 6 in Necromancy
 14182 | Lair:2   | Reached skill level 6 in Translocations
 14182 | Lair:2   | Reached skill level 6 in Transmutations
 14182 | Lair:2   | Reached skill level 6 in Fire Magic
 14182 | Lair:2   | Reached skill level 6 in Ice Magic
 14182 | Lair:2   | Reached skill level 6 in Air Magic
 14182 | Lair:2   | Reached skill level 6 in Earth Magic
 14182 | Lair:2   | Reached skill level 6 in Poison Magic
 14205 | Lair:2   | Reached skill level 8 in Invocations
 14221 | Lair:2   | Received a gift from Okawaru
 14855 | Lair:3   | Reached ****** piety under Okawaru
 14858 | Lair:3   | Received a gift from Okawaru
 14860 | Lair:3   | Noticed a death yak
 14863 | Lair:3   | Reached skill level 10 in Fighting
 14863 | Lair:3   | Reached skill level 10 in Armour
 14863 | Lair:3   | Reached skill level 8 in Shields
 14863 | Lair:3   | Reached skill level 8 in Evocations
 14869 | Lair:3   | Noticed a seven-headed hydra
 14875 | Lair:3   | Noticed a death yak
 14877 | Lair:3   | Noticed a death yak
 14888 | Lair:3   | HP: 21/97 [death yak (17)]
 14888 | Lair:3   | Slain by a death yak

Skill      XL: |  1  2  3  4  5  6  7  8  9 10 11 12 |
---------------+-------------------------------------+-----
Invocations    | 1 2 3 4 5 6 7 8 |  8.3
Short Blades   | 1 2 3 4 5 6 7 |  7.6
Long Blades    | 1 2 3 4 5 6 7 |  7.6
Maces & Flails | 1 2 3 4 5 6 7 |  7.6
Polearms       | 1 2 3 4 5 6 7 |  7.6
Staves         | 1 2 3 4 5 6 7 |  7.6
Slings         | 1 2 3 4 5 6 7 |  7.6
Bows           | 1 2 3 4 5 6 7 |  7.6
Crossbows      | 1 2 3 4 5 6 7 |  7.6
Throwing       | 1 2 3 4 5 6 7 |  7.6
Dodging        | 1 2 3 4 5 6 7 |  7.6
Stealth        | 1 2 3 4 5 6 7 |  7.6
Unarmed Combat | 1 2 3 4 5 6 7 |  7.6
Spellcasting   | 1 2 3 4 5 6 7 |  7.6
Conjurations   | 1 2 3 4 5 6 |  6.3
Hexes          | 1 2 3 4 5 6 |  6.3
Charms         | 1 2 3 4 5 6 |  6.3
Summonings     | 1 2 3 4 5 6 |  6.3
Necromancy     | 1 2 3 4 5 6 |  6.3
Translocations | 1 2 3 4 5 6 |  6.3
Transmutations | 1 2 3 4 5 6 |  6.3
Fire Magic     | 1 2 3 4 5 6 |  6.3
Ice Magic      | 1 2 3 4 5 6 |  6.3
Air Magic      | 1 2 3 4 5 6 |  6.3
Earth Magic    | 1 2 3 4 5 6 |  6.3
Poison Magic   | 1 2 3 4 5 6 |  6.3
Shields        | 3 4 5 6 7 8 |  8.0
Evocations     | 3 4 5 6 7 8 |  8.0
Axes           | 5 6 7 8 |  8.9
Fighting       | 7 8 9 10 | 10.0
Armour         | 7 8 9 10 | 10.0

Action                   |  1- 3 |  4- 6 |  7- 9 | 10-12 || total
-------------------------+-------+-------+-------+-------++-------
Melee: Hand axe          |    98 |   361 |   415 |       ||   874
       Bite              |     9 |    35 |    52 |   111 ||   207
       War axe           |       |       |    99 |   536 ||   635
       Broad axe         |       |       |       |   172 ||   172
Throw: Javelin           |       |       |     8 |       ||     8
Invok: Heroism           |       |       |       |     8 ||     8
Evoke: Wand              |       |       |     5 |    13 ||    18
  Use: Potion            |     1 |     1 |       |     5 ||     7
       Scroll            |     2 |     3 |     8 |    13 ||    26
 Stab: Sleeping          |       |       |       |    12 ||    12
       Invisible         |       |       |       |    26 ||    26
       Distracted        |       |       |       |     1 ||     1
  Eat: Chunk             |     1 |    20 |    16 |    25 ||    62
Armor: Scale mail        |    45 |   140 |   178 |   237 ||   600
       Skin              |     2 |       |       |       ||     2
Dodge: Dodged            |    30 |    64 |    91 |   259 ||   444
       Deflected         |       |       |       |     1 ||     1
Block: Large shield      |    17 |   280 |   349 |   671 ||  1317

Levels and vault maps discovered:
D:1:      dpeg_arrival_concentric_ovals, layout_basic, minmay_misc_feat_x,
          hex_tiny, minivault_23
D:2:      layout_basic
D:3:      layout_basic, lemuel_another_geyser
D:4:      wad_river_or_something, layout_basic, first_ration, led_xom_imps
D:5:      layout_gridville, marbit_many_paths, amethyst_overflow_temple_binary,
          minmay_temple_entry_statues_pillars, serial_shops, shop, minivault_11,
          feat_on_display, uniq_blork_the_orc
D:6:      layout_gridville, kennysheep_little_box
D:7:      layout_loops_ring
D:8:      minmay_curly_fans, layout_loops_cross, dpeg_oklobed_lair, special_room
          [special_room_orc]
D:9:      layout_long_grid, lightli_temple_of_fire
D:10:     layout_loops_corners, david_orc_4
D:11:     layout_cave_pools, uniq_psyche
Temple:   bh_familiar_temple
Lair:1:   layout_regular_city, small_statue_intersection,
          infiniplex_staircase_pool, grunt_megastairs_1
Lair:2:   layout_cave_shapes, serial_bayou_lagoon_a, fungi_pond_lemuel
Lair:3:   layout_misc_corridors, minmay_snake_entry_guardpost_small, uniq_snorg

Table legend:
 A = Turns spent in this place as a percentage of turns spent in the entire game.
 B = Non-inter-level travel turns spent in this place as a percentage of non-inter-level travel turns spent in the entire game.
 C = Inter-level travel turns spent in this place as a percentage of turns spent in this place.
 D = Turns resting spent in this place as a percentage of non-inter-level travel turns spent in this place.
 E = Turns spent auto-exploring this place as a percentage of non-inter-level travel turns spent in this place.
 F = Non-inter-level travel turns spent in this place divided by the number of levels of this place that you've seen.
                   A       B       C       D       E      F
               +-------+-------+-------+-------+-------+----------------------
         Total | 100.0 | 100.0 |   4.2 |  16.4 |  62.2 | 950.6
       Dungeon |  82.3 |  82.2 |   4.5 |  18.5 |  58.9 | 1064.9
        Temple |   2.2 |   2.1 |   8.8 |   0.0 |  92.0 | 299.0
          Lair |  15.4 |  15.8 |   2.3 |   7.8 |  76.0 | 748.7
               +-------+-------+-------+-------+-------+----------------------

Table legend:
 A = Kills in this place as a percentage of kills in entire the game.
 B = Kills by you in this place as a percentage of kills by you in the entire game.
 C = Kills by friends in this place as a percentage of kills by friends in the entire game.
 D = Other kills in this place as a percentage of other kills in the entire game.
 E = Experience gained in this place as a percentage of experience gained in the entire game.
 F = Experience gained in this place divided by the number of levels of this place that you have seen.
                   A       B       C       D       E      F
               +-------+-------+-------+-------+-------+----------------------
         Total | 100.0 | 100.0 |   N/A | 100.0 | 100.0 | 2028.8
       Dungeon |  85.7 |  85.7 |   N/A | 100.0 |  60.9 | 1685.3
        Temple |   0.2 |   0.2 |   N/A |   0.0 |   0.1 |  36.0
          Lair |  14.1 |  14.1 |   N/A |   0.0 |  39.0 | 3952.7
               +-------+-------+-------+-------+-------+----------------------
